 Dungeon Crawl Stone Soup version 0.32-a0-814-g0968bab981 (webtiles) character file.

Game seed: 16963553606389348497

26304 Mll the Blocker (level 12, -4/110 HPs)
             Began as a Minotaur Fighter on Mar 22, 2024.
             Was an Elder of Okawaru.
             Slain by Kirke (6 damage)
             ... on level 11 of the Dungeon.
             The game lasted 00:27:31 (13063 turns).

Mll the Blocker (Minotaur Fighter)                 Turns: 13063, Time: 00:27:32

Health: -4/110     AC:  0    Str: 25    XL:     12   Next: 97%
Magic:  15/15      EV: 19    Int:  5    God:    Okawaru [****..]
Gold:   772        SH:  0    Dex: 11    Spells: 11/11 levels left

rFire   . . .        a - melded +3 war axe (flame)
rCold   . . .        c - melded +0 buckler
rNeg    . . .        j - melded +0 plate armour
rPois   .            (helmet currently unavailable)
rElec   .            t - melded +0 cloak {rPois}
rCorr   .            H - melded +0 pair of gloves
SInv    .            F - melded +2 pair of boots
Will    .....        (no amulet)
Stlth   +++          n - melded +4 ring of protection
HPRegen 0.38/turn    E - melded +4 ring of protection
MPRegen 0.14/turn

%: no passive effects
@: pig-form (expiring), heroic, studying Shields, very quick
A: fast, no casting, small, (horns 2), (retaliatory headbutt)
a: Renounce Religion, Heroism, Finesse


You were on level 11 of the Dungeon.
You worshipped Okawaru.
Okawaru was greatly pleased with you.
You were a filthy swine.
You visited 2 branches of the dungeon, and saw 13 of its levels.
You also visited: Ossuary and Bailey.

You collected 1045 gold pieces.
You spent 273 gold pieces at shops.

Inventory:

Hand Weapons
 a - a +3 war axe of flaming (melded)
 M - a +0 broad axe of venom
Missiles
 e - 4 boomerangs (quivered)
Armour
 c - a +0 buckler (melded)
 j - a +0 plate armour (melded)
 t - a +0 cloak of poison resistance (melded)
 F - a +2 pair of boots (melded)
 H - a +0 pair of gloves (melded)
Jewellery
 h - a ring of poison resistance
 i - a ring of protection from fire
 n - a +4 ring of protection (melded)
 v - a ring of positive energy
 z - a ring of see invisible
 E - a +4 ring of protection (melded)
 J - a ring of willpower
 L - a ring of willpower
Wands
 b - a wand of polymorph (9)
 o - a wand of flame (48)
 y - a wand of roots (10)
 C - a wand of paralysis (11)
 D - a wand of quicksilver (21)
Scrolls
 f - 4 scrolls of poison
 l - a scroll of amnesia
 p - 3 scrolls of blinking
 r - 2 scrolls of identify
 u - 5 scrolls of teleportation
 G - 2 scrolls of summoning
 I - 2 scrolls of vulnerability
 N - a scroll of fog
 P - a scroll of fear
Potions
 d - 3 potions of mutation
 m - 4 potions of brilliance
 q - 3 potions of attraction
 s - 31 potions of degeneration
 w - 2 potions of lignification
 A - a potion of enlightenment
 K - a potion of resistance
 Q - a potion of invisibility
Miscellaneous
 B - a sack of spiders


   Skills:
 * Level 11.3(16.3) Fighting
 * Level 11.0(16.0) Axes
 * Level 8.8(13.8) Throwing
 * Level 11.0(16.0) Armour
 * Level 9.6(14.6) Dodging
 * Level 14.0(19.0) Shields
 + Level 5.7 Invocations


You had 11 spell levels left.
You didn't know any spells.
Your spell library contained the following spells:

 Spells                   Type           Power      Damage    Failure   Level
 Apportation              Tloc           0%         N/A       47%         1
 Foxfire                  Conj/Fire      0%         2x1d4     47%         1
 Kiss of Death            Conj/Necr      0%         2d5       47%         1
 Necrotise                Necr           0%         1d4       47%         1
 Sting                    Conj/Alch      0%         1d3       47%         1
 Ensorcelled Hibernation  Hex/Ice        0%         N/A       63%         2
 Sublimation of Blood     Necr           0%         N/A       63%         2
 Confusing Touch          Hex            0%         N/A       85%         3
 Dazzling Flash           Conj/Hex       0%         N/A       85%         3
 Fugue of the Fallen      Necr           0%         N/A       85%         3
 Inner Flame              Hex/Fire       0%         N/A       85%         3
 Passwall                 Erth           0%         N/A       85%         3
 Volatile Blastmotes      Fire/Tloc      0%         2d10      85%         3
 Anguish                  Hex/Necr       0%         N/A       99%         4
 Brom's Barrelling Bould  Conj/Erth      0%         2d3       99%         4
 Dimensional Bullseye     Hex/Tloc       0%         N/A       99%         4
 Dispel Undead            Necr           0%         3d6       99%         4
 Iskenderun's Mystic Bla  Conj/Tloc      0%         2d3       99%         4
 Olgreb's Toxic Radiance  Alch           0%         N/A       99%         4
 Petrify                  Alch/Erth      0%         N/A       99%         4
 Fireball                 Conj/Fire      0%         3d3       100%        5
 Irradiate                Conj/Alch      0%         3d11      100%        5
 Iskenderun's Battlesphe  Conj           0%         2d6       100%        5
 Yara's Violent Unravell  Hex/Alch       0%         3d3       100%        5
 Bombard                  Conj/Erth      0%         9d1       100%        6
 Conjure Ball Lightning   Conj/Air       0%         3x3d6     100%        6
 Starburst                Conj/Fire      0%         6d3       100%        6
 Orb of Destruction       Conj           0%         9d5       100%        7
 Ozocubu's Refrigeration  Ice            0%         4d7       100%        7
 Discord                  Hex            0%         N/A       100%        8
 Maxwell's Capacitive Co  Air            0%         ∞         100%        8
 Summon Small Mammal      Summ           Unusable   N/A       N/A         1
 Tukima's Dance           Hex            Unusable   N/A       N/A         3
 Haunt                    Necr/Summ      Unusable   N/A       N/A         7

Dungeon Overview and Level Annotations

Branches:
Dungeon (12/15)            Temple (1/1) D:7            Lair (0/5) D:11
Ossuary (visited)          Bailey (visited)
    Orc: D:9-12

Altars:
Ashenzari
Cheibriados
Dithmenos
Elyvilon
Fedhas
Gozag
Hepliaklqana
Kikubaaqudgha
Makhleb
Nemelex Xobeh
Okawaru
Qazlal
Ru
Sif Muna
Trog
Uskayaw
Vehumet
Wu Jian
Xom
Yredelemnul
Zin
The Shining One

Shops:
D:7 ?

Annotations:
D:11 Kirke


Innate Abilities, Weirdness & Mutations

You are a filthy swine.
You move quickly.
Your equipment is almost entirely melded.
You are incapable of wielding weapons or throwing items.
You cannot cast spells.
((You have a pair of horns on your head.))
((You reflexively headbutt those who attack you in melee.))


Message History

The hog bites you!
* * * LOW HITPOINT WARNING * * *
The hog bites you.
* * * LOW HITPOINT WARNING * * *
Kirke points at you and mumbles some strange words.
You feel a momentary urge to oink.
Unknown command.
You hit the hog.
The hog is almost dead.
The hog misses you. The hog completely misses you. Kirke casts a spell at you.
You feel a momentary urge to oink.
You feel better. The hog closely misses you. The hog misses you.
Kirke closely misses you.
You feel better. The hog misses you. x3; Kirke hits you!
* * * LOW HITPOINT WARNING * * *
The hog bites you.
* * * LOW HITPOINT WARNING * * *
You feel better.
The hog barely misses you. x2; Kirke hits you!!
* * * LOW HITPOINT WARNING * * *
You hit the hog.
You kill the hog!
Okawaru accepts your kill. The hog completely misses you.
Kirke barely misses you.
Things that are here:
a +0 war axe; a hog corpse You hit Kirke.
Kirke is moderately wounded.
Kirke hits you!
* * * LOW HITPOINT WARNING * * *
The hog misses you.
You hit Kirke but do no damage.
Kirke is moderately wounded.
The hog misses you. Kirke misses you.
Your transformation is almost over.
Kirke attacks as she pursues you! Kirke hits you.
* * * LOW HITPOINT WARNING * * *
Kirke hits you.
You die...

#.......# #...#.#.
##......###.......
#...#....#.......
#.###............
##..##............
######......#..........
##.........###...#......
##...≈......##......####.
#..≈#.÷.h......######..##
#.≈#≈..#.@##..##..##....#
#.#≈...#≈h....#....'.(..#
#≈...[.#≈..)>.#....##..##
#......#≈...####..###'#'.
#..#####≈..##..#+##...##.
##..≈≈≈≈≈..'....##.....##
##........#....#.......#
#######..##..##...ß..)#


You could see Kirke and a hog.

Vanquished Creatures
  Snorg (D:11)
  2 vault guards (Bailey)
  Erolcha (D:10)
  4 two-headed ogres
  A boulder beetle (D:7)
  Erica (D:8)
  Nergalle (D:10)
  Sonja (D:11)
  A deep elf pyromancer (D:12)
  A manticore (D:7)
  Pikel (D:7)
  An ugly thing (D:11)
  2 cyclopes (D:11)
  Maurice (D:7)
  2 gargoyles
  A kobold demonologist (D:11)
  Jeremiah (D:8)
  2 rime drakes (D:11)
  2 komodo dragons
  An unseen horror (D:7)
  2 trolls
  3 hornets
  Prince Ribbit (Bailey)
  3 shadows
  2 wraiths
  2 wyverns
  19 yaks
  A basilisk (D:11)
  3 humans (Bailey)
  5 hogs
  5 steam dragons
  An acid dragon (D:8)
  6 water moccasins
  5 black bears
  4 orc warriors
  A sky beast (D:7)
  3 ogres
  14 centaurs
  4 lemures (D:7)
  4 phantoms
  4 kobold brigands
  A weeping skull (Ossuary)
  23 bullfrogs
  A gnoll sergeant (D:8)
  2 scorpions
  2 burial acolytes
  3 wights
  11 killer bees
  3 howler monkeys
  2 hounds
  A centaur zombie (Ossuary)
  2 jellies
  A gnoll bouda (D:5)
  5 orc priests
  A sleepcap (D:5)
  Natasha (thrice) (D:2)
  An iguana (D:6)
  8 orc wizards
  5 mummies (Ossuary)
  4 adders
  14 gnolls
  6 river rats (D:10)
  2 shadow imps
  A white imp (D:7)
  2 adder zombies (D:8)
  3 dart slugs
  26 orcs
  5 ball pythons
  6 bats
  4 endoplasms
  2 giant cockroaches (D:1)
  5 goblins
  9 hobgoblins
  13 kobolds
  3 quokkas
  3 frilled lizards
  3 gnoll zombies (Ossuary)
  4 kobold zombies (Ossuary)
  18 rats
328 creatures vanquished.

Vanquished Creatures (others)
  An unseen horror (D:7)
1 creature vanquished.

Grand Total: 329 creatures vanquished

Notes
Turn   | Place    | Note
-------+----------+-------------------------------------------
     0 | D:1      | Mll the Minotaur Fighter began the quest for the Orb.
     0 | D:1      | Reached XP level 1. HP: 19/19 MP: 0/0
   287 | D:1      | Reached XP level 2. HP: 23/27 MP: 1/1
   384 | D:1      | Reached skill level 1 in Dodging
  1063 | D:2      | Found a radiant altar of Vehumet.
  1092 | D:2      | Reached XP level 3. HP: 24/33 MP: 2/2
  1099 | D:2      | Reached skill level 1 in Throwing
  1200 | D:2      | Noticed Natasha
  1206 | D:2      | Killed Natasha
  1207 | D:2      | Reached skill level 4 in Shields
  1207 | D:2      | Reached XP level 4. HP: 27/40 MP: 3/3
  1216 | D:2      | Noticed Natasha
  1219 | D:2      | Killed Natasha
  1220 | D:2      | Reached skill level 1 in Invocations
  1463 | D:2      | Noticed Natasha
  1469 | D:2      | Killed Natasha
  1470 | D:2      | Reached XP level 5. HP: 28/47 MP: 4/4
  2756 | D:4      | Noticed an ogre
  2760 | D:4      | Killed an ogre
  2761 | D:4      | Reached XP level 6. HP: 53/53 MP: 5/5
  3006 | D:4      | Reached skill level 5 in Fighting
  3253 | D:4      | Reached skill level 5 in Armour
  3266 | D:4      | Reached XP level 7. HP: 39/61 MP: 7/7
  3456 | D:5      | Entered Level 5 of the Dungeon
  3469 | D:5      | Reached skill level 5 in Shields
  3541 | D:5      | Found a sand-covered staircase.
  3548 | Ossuary  | Entered an ossuary
  3904 | D:5      | Reached skill level 5 in Axes
  3969 | D:5      | Reached XP level 8. HP: 54/70 MP: 8/8
  5216 | D:6      | Reached skill level 6 in Shields
  5243 | D:6      | Identified a scroll of acquirement
  5243 | D:6      | Acquired a manual of Shields
  5909 | D:7      | Reached XP level 9. HP: 34/78 MP: 10/10
  6150 | D:7      | Found a staircase to the Ecumenical Temple.
  6161 | Temple   | Entered the Ecumenical Temple
  6334 | D:7      | Reached skill level 7 in Shields
  6391 | D:7      | Reached skill level 5 in Dodging
  6406 | D:7      | Noticed a gargoyle
  6406 | D:7      | Noticed a boulder beetle
  6406 | D:7      | Noticed a two-headed ogre
  6406 | D:7      | Noticed a manticore
  6407 | D:7      | Noticed a komodo dragon
  6418 | D:7      | Killed an unseen horror
  6421 | D:7      | Killed a manticore
  6422 | D:7      | Reached skill level 5 in Throwing
  6422 | D:7      | Reached skill level 8 in Shields
  6429 | D:7      | Killed a boulder beetle
  6430 | D:7      | Killed an unseen horror
  6433 | D:7      | Killed a gargoyle
  6434 | D:7      | Reached XP level 10. HP: 56/88 MP: 11/11
  6439 | D:7      | Killed a two-headed ogre
  6440 | D:7      | Reached skill level 9 in Shields
  6449 | D:7      | Got the Tome of Enthralled Caskets
  6452 | D:7      | Identified the +1 longbow "Nailly" {antimagic, rC+ rCorr
                  | Int-3}
  6454 | D:7      | Got the Teachings on Resplendent Guile
  7014 | D:7      | Noticed Maurice
  7029 | D:7      | Something stole a sack of spiders
  7030 | D:7      | Something stole a ring of see invisible
  7038 | D:7      | Noticed Pikel
  7054 | D:7      | Killed Pikel
  7054 | D:7      | Something stole 5 boomerangs
  7055 | D:7      | Something stole a +0 flail
  7062 | D:7      | Something stole 90 gold
  7077 | D:7      | Something stole 219 gold
  7088 | D:7      | Something stole 349 gold
  7155 | D:7      | Killed Maurice
  7156 | D:7      | Reached skill level 10 in Shields
  7372 | D:7      | Paralysed by something for 5 turns
  7534 | D:7      | Found Maakhlexo's Magic Scroll Emporium.
  7542 | D:7      | Bought a scroll of identify for 28 gold pieces
  7542 | D:7      | Bought a scroll of enchant weapon for 105 gold pieces
  7542 | D:7      | Bought a scroll of identify for 28 gold pieces
  7542 | D:7      | Bought a scroll of vulnerability for 56 gold pieces
  7542 | D:7      | Bought a scroll of identify for 28 gold pieces
  7542 | D:7      | Bought a scroll of identify for 28 gold pieces
  7851 | D:8      | Noticed Jeremiah
  7887 | D:8      | Killed Jeremiah
  7888 | D:8      | Reached XP level 11. HP: 68/97 MP: 13/13
  8109 | D:8      | Found an ancient bone altar of Kikubaaqudgha.
  8250 | D:8      | Noticed a two-headed ogre
  8256 | D:8      | Killed a two-headed ogre
  8469 | D:8      | Noticed Erica
  8479 | D:8      | Killed Erica
  8480 | D:8      | Reached skill level 11 in Shields
  8876 | D:9      | Noticed a two-headed ogre
  8888 | D:9      | Killed a two-headed ogre
  9300 | D:9      | Found a flagged portal.
  9316 | Bailey   | Entered a bailey
  9569 | Bailey   | Noticed a vault guard
  9581 | Bailey   | Killed a vault guard
  9606 | Bailey   | Noticed Prince Ribbit
  9606 | Bailey   | Noticed a vault guard
  9614 | Bailey   | Killed a vault guard
  9620 | Bailey   | Killed Prince Ribbit
  9621 | Bailey   | Reached skill level 12 in Shields
 10145 | D:9      | Reached skill level 10 in Fighting
 10170 | D:9      | Found a radiant altar of Vehumet.
 10334 | D:10     | Entered Level 10 of the Dungeon
 10341 | D:10     | Noticed Nergalle
 10350 | D:10     | Killed Nergalle
 10351 | D:10     | Reached skill level 5 in Invocations
 10412 | D:10     | Found an iron altar of Okawaru.
 10412 | D:10     | Found a glowing golden altar of the Shining One.
 10419 | D:10     | Became a worshipper of Warmaster Okawaru
 10454 | D:10     | Found a snail-covered altar of Cheibriados.
 10731 | D:10     | Reached XP level 12. HP: 62/106 MP: 14/14
 10877 | D:10     | Noticed Erolcha
 10903 | D:10     | Killed Erolcha
 10903 | D:10     | Reached * piety under Okawaru
 10904 | D:10     | Reached skill level 10 in Armour
 11271 | D:10     | Noticed a two-headed ogre
 11277 | D:10     | Killed a two-headed ogre
 11278 | D:10     | Reached skill level 10 in Axes
 11600 | D:11     | Noticed Snorg
 11617 | D:11     | HP: 2/107 [Snorg (4)]
 11620 | D:11     | Killed Snorg
 11620 | D:11     | Reached ** piety under Okawaru
 11621 | D:11     | Reached skill level 13 in Shields
 12022 | D:11     | Reached *** piety under Okawaru
 12040 | D:11     | Noticed Sonja
 12070 | D:11     | Killed Sonja
 12408 | D:11     | Found a staircase to the Lair.
 12843 | D:11     | Reached **** piety under Okawaru
 13024 | D:12     | Noticed Kirke
 13038 | D:12     | Reached skill level 14 in Shields
 13058 | D:11     | HP: 2/110 [Kirke (15)]
 13063 | D:11     | Slain by Kirke

Illustrated notes

Levels and vault maps discovered:
D:1:      psy_arrival_heroes, layout_basic, serial_rivers,
          chequers_serial_rivers_micro_a, chequers_serial_rivers_small_a,
          chequers_serial_rivers_small_b, chequers_serial_rivers_micro_b,
          chequers_serial_rivers_large_a, grunt_decor_arrowhead
D:2:      layout_basic, basic_altar, kennysheep_pointless_box, uniq_natasha
D:3:      layout_basic, minmay_distorted
D:4:      layout_rooms, minmay_gold_behind_fungi, st_stairs_8
D:5:      layout_loops_cross, lightli_ossuary_entry_decrepit_ruins,
          minmay_hedge_maze
D:6:      layout_basic
D:7:      minmay_the_grid_square_5x5_3x3 [minmay_the_grid_square_5x5_inner_i,
          minmay_the_grid_square_5x5_slash, minmay_the_grid_square_5x5_bridge,
          minmay_the_grid_square_5x5_pentomino_r,
          minmay_the_grid_square_5x5_megaprize_open,
          minmay_the_grid_square_5x5_checkered_sparse,
          minmay_the_grid_square_5x5_lines, minmay_the_grid_square_5x5_moneybag,
          minmay_the_grid_square_5x5_broken_cross], layout_loops_ring,
          minmay_temple_entry_trees, serial_shops,
          nicolae_shop_tiny_statue_garden, nrook_mini_backslash, uniq_maurice,
          uniq_pikel
D:8:      layout_loops_cross, lemuel_zombie_altar_kikubaaqudgha, uniq_erica,
          uniq_jeremiah
D:9:      layout_basic, mainiacjoe_overflow_alcove_4, enter_bailey_7,
          minivault_5
D:10:     layout_basic, lemuel_round_altar, gammafunk_temple_overflow_wave,
          dk_rats_in_the_wall, uniq_nergalle, uniq_erolcha
D:11:     minmay_bubble_buster, layout_cave_pools, due_lair_maze_entry_diamond,
          portal_ice_cave_rime, uniq_sonja, uniq_snorg
D:12:     layout_cave_pools, zombieorc1_lemuel, uniq_kirke
Temple:   minmay_temple_bridge_d

Skill      XL: |  1  2  3  4  5  6  7  8  9 10 11 12 |
---------------+-------------------------------------+-----
Dodging        | 1 2 3 4 6 7 8 9 |  9.6
Fighting       | 4 5 6 7 9 10 11 | 11.3
Armour         | 4 5 6 7 8 9 11 | 11.0
Axes           | 3 4 5 6 7 8 9 11 | 11.0
Throwing       | 1 2 3 4 5 6 7 8 |  8.8
Shields        | 4 5 6 8 10 12 14 | 14.0
Invocations    | 1 2 3 4 5 |  5.7

Action                     |  1- 3 |  4- 6 |  7- 9 | 10-12 || total
---------------------------+-------+-------+-------+-------++-------
  Melee: War axe           |    46 |   104 |   249 |   567 ||   966
         Headbutt          |     7 |    13 |    52 |   108 ||   180
         Unarmed           |       |       |       |    15 ||    15
  Throw: Boomerang         |       |       |       |    25 ||    25
 Invoke: Heroism           |       |       |       |     2 ||     2
    Use: Potion            |       |     1 |     4 |    18 ||    23
         Scroll            |       |       |    16 |    10 ||    26
 Armour: Scale mail        |    30 |    76 |   165 |       ||   271
         Plate armour      |       |       |    32 |   618 ||   650
         Skin              |       |       |       |    92 ||    92
  Dodge: Dodged            |    16 |    33 |    97 |   278 ||   424
  Block: Buckler           |    11 |    16 |    65 |   217 ||   309

Table legend: (Time is in decaauts)
 A = Elapsed time spent in this place.
 B = Non-inter-level travel time spent in this place.
 C = Inter-level travel time spent in this place.
 D = Time resting spent in this place.
 E = Time spent auto-exploring this place.
 F = Levels seen in this place.
 G = Mean time per level.
                   A        B        C        D        E       F      G
               +--------+--------+--------+--------+--------+-----+--------+
         Total |  13158 |  12229 |    929 |   2083 |   7904 |  15 |  877.2 |
       Dungeon |  12175 |  11406 |    769 |   1825 |   7623 |  12 | 1014.6 |
        Temple |    162 |      2 |    160 |      0 |      0 |   1 |  162.0 |
       Ossuary |    306 |    306 |      0 |      0 |    205 |   1 |  306.0 |
        Bailey |    514 |    514 |      0 |    258 |     76 |   1 |  514.0 |
               +--------+--------+--------+--------+--------+-----+--------+

Top non-repeatable levels by time:
     D:7: 1751 daAuts
    D:10: 1432 daAuts
    D:11: 1238 daAuts
     D:9: 1202 daAuts
     D:5: 1050 daAuts
     D:1: 1008 daAuts
     D:6: 1006 daAuts
     D:2: 977 daAuts
     D:8: 935 daAuts
     D:3: 822 daAuts
     D:4: 719 daAuts
  Bailey: 514 daAuts
 Ossuary: 306 daAuts
  Temple: 162 daAuts
    D:12: 30 daAuts
